Map: Neon Violet Square LE

Players

Lambo

  • Race: Zerg Zerg
  • League: Master
  • Spawn Location: 5:00

DnS - Winner!

  • Race: Protoss Protoss
  • League: Grandmaster
  • Spawn Location: 11:00

VOD

Have the link to the VOD?

Description

Time

  • Played on: Dec. 3, 2017, 9:10 a.m.
  • Length: 24:54
Show
View Real Time Build Order
Export as new Build Order

Lambo Zerg 

Build Orders: Hatch First, Brood Lord Corruptor 

Get SALT Encoding   

  12  0:00  Drone  
  13  0:13  Overlord  
  13  0:17  Drone  
  14  0:33  Drone x2  
  16  0:37  Drone  
  17  0:52  Hatchery  
  17  0:55  Drone  
  17  0:58  Drone  
  18  1:10  Extractor  
  17  1:14  Spawning Pool  
  17  1:17  Drone  
  17  1:19  Drone  
  18  1:29  Drone  
  19  1:41  Overlord  
  19  1:50  Drone  
  20  2:01  Zergling x2, Queen  
  20  2:04  Queen  
  20  2:05  Zergling x2  
  26  2:12  Metabolic Boost  
  26  2:15  Drone  
  27  2:18  Drone  
  28  2:23  Drone  
  28  2:27  Drone  
  30  2:39  Hatchery  
  29  2:46  Drone  
  29  2:48  Pneumatized Carapace  
  30  2:53  Zergling x2  
  30  2:55  Overlord  
  31  3:01  Drone x2  
  31  3:05  Drone  
  33  3:08  Drone x2  
  33  3:12  Drone  
  36  3:17  Drone x2  
  36  3:19  Drone  
  37  3:27  Queen  
  37  3:30  Spore Crawler  
  37  3:32  Drone  
  39  3:38  Spore Crawler  
  39  3:40  Drone x2  
  40  3:41  Drone  
  40  3:46  Zergling x4  
  43  3:53  Drone x2  
  43  3:54  Drone  
  46  3:56  Zergling x2  
  46  3:57  Drone  
  48  4:09  Drone, Queen  
  49  4:12  Drone, Spore Crawler  
  49  4:16  Drone  
  49  4:17  Drone  
  49  4:18  Drone  
  49  4:22  Lair  
  49  4:26  Overlord  
  49  4:32  Drone, Extractor  
  49  4:41  Overlord  
  49  4:45  Drone x3  
  52  4:47  Drone x5  
  57  4:58  Overlord  
  57  4:59  Queen  
  59  5:00  Extractor  
  59  5:04  Drone x7  
  65  5:14  Overlord  
  65  5:16  Overlord  
  65  5:17  Extractor  
  65  5:20  Drone  
  65  5:25  Drone, Hydralisk Den  
  65  5:26  Overlord  
  65  5:30  Extractor  
  65  5:31  Overlord  
  65  5:33  Drone x2  
  65  5:35  Drone x2  
  67  5:36  Drone x3  
  67  5:37  Drone  
  67  5:40  Drone  
  71  5:45  Drone  
  71  5:46  Drone x3  
  71  5:48  Drone  
  73  5:53  Drone  
  74  5:58  Hatchery  
  74  5:59  Hydralisk x5, Muscular Augments  
  74  6:00  Extractor  
  82  6:04  Hydralisk x2  
  82  6:09  Hydralisk x2  
  90  6:15  Hydralisk  
  90  6:17  Overlord  
  92  6:19  Overlord  
  92  6:22  Overlord  
  92  6:24  Overlord  
  92  6:30  Overlord  
  92  6:35  Overlord  
  92  6:37  Overlord x2  
  91  6:42  Drone x8  
  97  6:50  Drone x4  
  101  6:58  Hydralisk x4  
  109  7:04  Baneling Nest  
  109  7:07  Infestation Pit  
  107  7:09  Overlord  
  107  7:10  Overseer  
  107  7:11  Overlord  
  107  7:13  Drone x3  
  107  7:14  Drone x2  
  112  7:15  Queen  
  112  7:19  Spore Crawler  
  110  7:24  Hydralisk  
  110  7:25  Hydralisk x2  
  116  7:31  Drone x8  
  124  7:41  Drone x3  
  124  7:42  Evolution Chamber  
  126  7:45  Evolution Chamber  
  126  7:46  Hive  
  126  7:47  Spire  
  126  7:51  Hydralisk x3  
  129  8:02  Overlord  
  129  8:03  Overlord  
  129  8:07  Centrifical Hooks  
  129  8:09  Zerg Missile Weapons Level 1  
  129  8:10  Zerg Melee Weapons Level 1  
  129  8:11  Hydralisk x2  
  129  8:12  Zergling x16  
  141  8:18  Queen  
  143  8:20  Overlord  
  143  8:22  Overlord  
  143  8:25  Overlord  
  143  8:33  Overlord  
  143  8:36  Hydralisk  
  143  8:37  Zergling x32  
  161  8:43  Overlord  
  161  8:52  Overlord  
  161  8:57  Hatchery, Hydralisk  
  161  8:58  Zergling x14  
  169  9:09  Greater Spire  
  169  9:12  Overlord  
  169  9:13  Overlord  
  169  9:15  Zergling x2  
  169  9:16  Zergling x14  
  176  9:23  Extractor  
  175  9:26  Extractor  
  175  9:29  Hydralisk x4  
  175  9:30  Zergling x8  
  182  9:32  Queen  
  177  9:44  Hydralisk  
  177  9:45  Zergling x12  
  177  9:47  Overlord  
  177  9:51  Overseer  
  175  9:57  Overlord  
  175  10:02  Corruptor x3  
  175  10:03  Corruptor x3  
  187  10:09  Corruptor x3  
  193  10:15  Zerg Missile Weapons Level 2, Zerg Melee Weapons Level 2  
  193  10:20  Pathogen Glands  
  193  10:37  Overlord  
  193  10:45  Adrenal Glands  
  193  10:46  Zerg Flyer Weapons Level 1  
  193  10:53  Brood Lord x3  
  193  10:55  Drone x3  
  190  11:09  Overlord  
  190  11:11  Brood Lord x5, Extractor  
  194  11:12  Extractor  
  189  11:20  Corruptor  
  189  11:24  Neural Parasite  
  193  11:26  Burrow  
  190  11:34  Brood Lord  
  190  11:36  Overlord  
  192  11:44  Overseer x3  
  192  11:45  Infestor  
  192  11:46  Infestor  
  195  11:52  Hatchery  
  195  11:54  Brood Lord  
  193  12:02  Queen  
  193  12:08  Overseer x2  
  195  12:09  Infestor  
  197  12:22  Overlord  
  197  12:25  Spore Crawler  
  197  12:26  Spore Crawler x2  
  197  12:27  Spore Crawler  
  197  12:28  Spore Crawler  
  192  12:36  Infestor x4  
  200  12:38  Overseer  
  200  12:40  Zerg Flyer Armor Level 1  
  199  12:55  Overlord  
  199  12:58  Zerg Melee Weapons Level 3, Zerg Missile Weapons Level 3  
  193  13:10  Infestor x4  
  175  13:17  Infestor x2  
  175  13:22  Drone x12  
  183  13:32  Infestor x2  
  187  13:34  Hydralisk, Zergling x2, Extractor  
  187  13:35  Zergling x22, Extractor  
  187  13:39  Overseer x2  
  195  13:42  Hydralisk x4  
  195  13:48  Hydralisk x3  
  195  13:51  Hydralisk  
  195  13:52  Hydralisk  
  198  14:10  Infestor  
  198  14:11  Infestor  
  158  14:24  Hydralisk x10  
  178  14:42  Queen  
  178  14:45  Spore Crawler  
  179  14:46  Spore Crawler  
  179  14:47  Infestor, Spore Crawler  
  179  14:48  Infestor x3  
  185  14:54  Drone  
  185  14:55  Drone x3  
  185  14:56  Queen  
  185  14:57  Hatchery  
  190  15:05  Zerg Flyer Armor Level 2  
  187  15:18  Infestor x3  
  187  15:20  Drone x4  
  191  15:25  Drone x4  
  195  15:29  Drone x2  
  195  15:33  Spine Crawler  
  195  15:34  Overseer, Spine Crawler  
  195  15:35  Spine Crawler  
  192  15:38  Spine Crawler  
  192  15:39  Infestor, Spine Crawler  
  192  15:40  Infestor x2  
  196  15:44  Zergling x6  
  199  15:55  Zerg Ground Armor Level 1  
  199  16:01  Spine Crawler  
  198  16:04  Spine Crawler  
  197  16:19  Drone x3  
  197  16:24  Spore Crawler x4  
  196  16:26  Infestor x2, Spore Crawler  
  195  16:42  Extractor  
  162  17:09  Hydralisk x19  
  192  17:21  Hydralisk  
  192  17:22  Hydralisk x3  
  199  17:32  Infestor  
  191  17:54  Zerg Ground Armor Level 2  
  191  17:55  Zerg Flyer Armor Level 3  
  191  17:58  Infestor x4  
  199  18:10  Drone  
  195  18:31  Hydralisk x14  
  189  18:40  Hydralisk x4  
  183  18:48  Corruptor  
  185  18:58  Drone  
  185  18:59  Infestor x4  
  194  19:03  Corruptor  
  196  19:15  Overlord x2  
  196  19:24  Spore Crawler  
  196  19:25  Spore Crawler  
  196  19:26  Spore Crawler  
  196  19:27  Brood Lord  
  195  19:34  Overseer  
  195  19:42  Brood Lord  
  195  19:43  Infestor  
  199  19:50  Spore Crawler x2  
  199  19:51  Spore Crawler  
  196  19:54  Spore Crawler  
  195  20:02  Hatchery  
  195  20:05  Infestor x3  
  199  20:42  Overseer  
  195  20:55  Spore Crawler  
  195  20:56  Spore Crawler  
  192  20:57  Spore Crawler  
  192  21:03  Infestor  
  192  21:04  Infestor x6  
  176  21:22  Infestor x9  
  176  21:23  Corruptor  
  176  21:24  Corruptor  
  197  21:29  Zergling x4  
  148  22:13  Corruptor  
  148  22:15  Brood Lord x2  
  154  22:18  Drone x17  
  154  22:22  Overseer  
  171  22:31  Extractor x2  
  169  22:39  Spore Crawler x2  
  169  22:40  Spore Crawler  
  169  22:43  Spore Crawler  
  165  22:44  Brood Lord  
  165  22:47  Hydralisk x4  
  175  22:51  Zergling x2  
  175  22:54  Spore Crawler  
  174  23:10  Overseer  
  174  23:24  Zergling x2  
  174  23:25  Zergling x6  
  155  23:40  Hydralisk x5  
  165  23:58  Hydralisk, Zergling x2  
  165  23:59  Zergling x24  
Show
View Real Time Build Order
Export as new Build Order

DnS Protoss - Winner!

Build Orders: 1 Gate Expand, Oracle Opening, Carriers, Zealot Archon, Archon Drop 

Get SALT Encoding   

  12  0:01  Probe  
  13  0:13  Probe  
  14  0:21  Pylon  
  14  0:25  Probe  
  15  0:39  Probe (Chrono Boost)  
  15  0:42  Gateway  
  16  0:49  Probe (Chrono Boost)  
  17  0:52  Assimilator  
  17  0:53  Probe  
  18  1:05  Probe  
  19  1:17  Probe  
  20  1:24  Nexus  
  20  1:36  Cybernetics Core  
  20  1:37  Probe  
  21  1:45  Assimilator  
  21  1:49  Probe  
  21  1:54  Pylon  
  22  2:02  Probe  
  23  2:12  Adept (Chrono Boost)  
  23  2:14  Probe  
  26  2:23  Stargate  
  26  2:26  Probe (Chrono Boost)  
  27  2:30  Adept (Chrono Boost)  
  27  2:36  Probe (Chrono Boost)  
  30  2:41  Warp Gate  
  32  2:47  Probe x2 (Chrono Boost)  
  32  2:50  Probe x2  
  34  2:51  Adept  
  36  3:02  Probe x2  
  38  3:14  Probe  
  38  3:15  Pylon, Probe  
  38  3:19  Oracle (Chrono Boost)  
  43  3:26  Probe  
  45  3:27  Probe  
  45  3:34  Gateway  
  45  3:35  Gateway  
  45  3:38  Probe  
  45  3:39  Probe  
  47  3:46  Pylon  
  50  3:50  Probe  
  50  3:51  Oracle (Chrono Boost), Probe  
  52  3:59  Assimilator  
  52  4:00  Assimilator  
  52  4:03  Probe  
  52  4:06  Probe  
  52  4:09  Robotics Facility  
  54  4:15  Probe  
  53  4:19  Probe  
  53  4:20  Twilight Council  
  52  4:27  Probe, Phoenix (Chrono Boost)  
  52  4:30  Gateway  
  55  4:31  Gateway  
  55  4:33  Probe  
  55  4:36  Pylon  
  56  4:47  Adept  
  56  4:48  Zealot  
  60  4:55  Nexus  
  60  4:59  Warp Prism (Chrono Boost)  
  62  5:04  Templar Archives  
  62  5:07  Probe  
  62  5:08  Probe  
  62  5:11  Pylon  
  64  5:17  Pylon  
  64  5:19  Probe  
  64  5:20  Probe  
  66  5:27  Shield Battery  
  66  5:30  Forge  
  66  5:31  Charge, Probe  
  66  5:33  Probe  
  68  5:43  Probe  
  68  5:45  Probe  
  68  5:49  Warp Prism  
  72  5:54  High Templar x4  
  72  5:56  Probe (Chrono Boost)  
  81  5:57  Probe (Chrono Boost)  
  81  5:58  Archon x2  
  81  6:03  Protoss Ground Weapons Level 1 (Chrono Boost)  
  83  6:05  Shield Battery  
  83  6:08  Probe (Chrono Boost)  
  83  6:09  Probe (Chrono Boost)  
  83  6:10  Probe x2 (Chrono Boost)  
  86  6:11  Probe  
  87  6:19  Probe  
  87  6:21  Probe  
  87  6:22  Gateway  
  87  6:24  Gateway, Probe  
  90  6:30  Gateway, Assimilator  
  90  6:31  Assimilator, Probe  
  91  6:34  Probe  
  91  6:39  Psionic Storm, Probe  
  93  6:43  Probe  
  93  6:44  Gateway  
  93  6:46  Shield Battery, Probe  
  91  6:59  Nexus, High Templar  
  91  7:00  High Templar x2  
  91  7:01  Probe x3  
  100  7:11  Pylon  
  100  7:12  Pylon  
  100  7:20  Gateway  
  100  7:21  Gateway  
  100  7:29  Immortal (Chrono Boost)  
  104  7:30  High Templar x2  
  104  7:33  Zealot x3  
  104  7:34  Zealot  
  116  7:38  Probe  
  116  7:40  Pylon, Assimilator  
  116  7:41  Pylon  
  116  7:43  Pylon  
  117  7:48  Assimilator  
  117  7:50  Pylon  
  117  7:56  Probe  
  112  7:58  Immortal (Chrono Boost)  
  114  8:06  Protoss Ground Weapons Level 2 (Chrono Boost)  
  114  8:28  Fleet Beacon  
  114  8:29  High Templar x2  
  122  8:36  Archon  
  122  8:37  Zealot x3  
  122  8:38  Zealot  
  126  8:44  Protoss Air Weapons Level 1  
  126  8:46  Stargate  
  126  8:47  Stargate  
  126  8:49  Stargate  
  126  9:05  Nexus, Mothership (Chrono Boost)  
  128  9:14  Probe x2 (Chrono Boost)  
  141  9:19  Pylon  
  141  9:21  Pylon  
  141  9:29  Zealot x2  
  141  9:30  Zealot x8  
  151  9:43  Carrier (Chrono Boost)  
  157  9:46  Carrier (Chrono Boost)  
  149  9:53  Carrier x2 (Chrono Boost)  
  149  9:57  Photon Cannon  
  149  9:59  Photon Cannon  
  149  10:10  Graviton Catapult  
  149  10:12  High Templar x2  
  147  10:17  Archon  
  147  10:21  Shield Battery  
  147  10:24  Photon Cannon  
  147  10:25  Photon Cannon  
  147  10:26  Assimilator  
  147  10:31  Zealot x8, Assimilator  
  163  10:49  Protoss Shields Level 1  
  147  10:52  Cybernetics Core  
  147  10:53  Zealot x4  
  150  10:58  Carrier (Chrono Boost)  
  143  11:08  Zealot x2  
  157  11:15  Cybernetics Core  
  157  11:17  Carrier (Chrono Boost)  
  155  11:22  Carrier (Chrono Boost)  
  161  11:33  Protoss Air Weapons Level 2 (Chrono Boost)  
  157  11:43  Warp Prism  
  157  11:46  Zealot x2  
  163  12:02  Carrier (Chrono Boost)  
  165  12:11  Probe x3  
  165  12:12  Probe x2  
  166  12:17  Carrier (Chrono Boost)  
  166  12:20  Observer  
  173  12:23  Zealot  
  181  12:43  Carrier (Chrono Boost)  
  181  12:44  Carrier  
  181  12:49  Observer  
  186  12:53  Stargate  
  183  13:06  Zealot x6  
  183  13:10  Zealot x3  
  181  13:23  Zealot  
  173  13:46  Pylon  
  165  13:48  Pylon  
  165  13:50  Pylon  
  165  13:51  Pylon  
  164  14:06  Probe x2  
  164  14:09  Pylon x2  
  156  14:11  Pylon  
  152  14:20  High Templar x3  
  152  14:21  Probe  
  153  14:29  Protoss Air Weapons Level 3 (Chrono Boost)  
  153  14:33  High Templar x2  
  153  14:34  High Templar  
  153  14:36  High Templar x2  
  153  14:37  High Templar x2  
  167  14:39  Probe x4  
  167  14:41  Archon x2  
  167  14:45  Pylon  
  171  14:48  Pylon  
  171  14:50  Pylon  
  171  14:51  Probe  
  175  14:53  Pylon  
  175  15:06  High Templar x2  
  175  15:07  High Templar x2  
  178  15:13  Archon x2  
  175  15:15  Zealot x2  
  175  15:19  Observer  
  190  15:40  Observer  
  190  15:42  Probe  
  192  15:43  Probe  
  192  15:45  Probe x2  
  189  15:53  Nexus  
  189  15:54  Probe, Assimilator  
  189  15:55  Probe  
  191  15:58  Probe x2  
  191  16:02  Observer  
  197  16:04  High Templar  
  197  16:06  Probe  
  197  16:07  Oracle (Chrono Boost)  
  197  16:08  High Templar  
  197  16:09  High Templar x2  
  196  16:12  Pylon, Archon  
  196  16:13  Archon  
  196  16:24  Pylon  
  196  16:25  Dark Shrine  
  196  16:27  Zealot x2  
  200  16:36  Protoss Air Armor Level 1 (Chrono Boost)  
  173  17:02  Zealot x10  
  159  17:25  High Templar x3  
  159  17:26  High Templar x6  
  168  17:30  Archon x4  
  168  17:34  Observer (Chrono Boost)  
  168  17:35  High Templar  
  171  17:40  Archon  
  169  17:56  Observer (Chrono Boost)  
  169  17:58  High Templar x5  
  174  17:59  High Templar  
  174  18:00  Dark Templar  
  174  18:02  Archon x3  
  174  18:03  Dark Templar  
  186  18:12  Stalker  
  186  18:13  Stalker  
  168  18:36  High Templar x5  
  168  18:37  High Templar x3  
  168  18:40  Archon  
  168  18:41  Archon x2  
  146  18:42  Archon  
  146  18:43  Zealot x2  
  140  19:02  High Templar  
  142  19:04  High Templar  
  142  19:05  High Templar x3  
  142  19:08  High Templar  
  152  19:11  Nexus  
  152  19:12  Pylon  
  160  19:33  Mothership (Chrono Boost), Probe (Chrono Boost)  
  160  19:37  Probe (Chrono Boost)  
  163  19:42  Probe (Chrono Boost)  
  163  19:43  Observer  
  170  19:45  Sentry  
  170  19:47  Dark Templar, Probe (Chrono Boost)  
  170  19:48  Probe x2 (Chrono Boost)  
  170  19:50  Zealot  
  176  20:01  Carrier (Chrono Boost)  
  182  20:07  Oracle (Chrono Boost)  
  188  20:18  Carrier (Chrono Boost)  
  188  20:19  Assimilator  
  188  20:20  Assimilator  
  188  20:23  Carrier (Chrono Boost)  
  194  20:36  Zealot x3  
  200  20:46  Photon Cannon  
  200  20:48  Photon Cannon  
  193  21:23  Zealot, Dark Templar  
  193  21:24  Zealot x2  
  198  21:28  Oracle  
  198  21:29  Protoss Air Armor Level 2 (Chrono Boost)  
  192  21:42  Blink (Chrono Boost)  
  192  21:46  High Templar x2  
  178  22:02  Archon  
  178  22:05  Nexus  
  167  22:11  High Templar x3  
  167  22:12  High Templar  
  167  22:15  Zealot x3  
  176  22:16  Zealot  
  176  22:19  Carrier (Chrono Boost)  
  176  22:22  High Templar x2  
  192  22:30  Pylon  
  190  22:41  Observer  
  197  22:46  Carrier (Chrono Boost)  
  197  22:55  Carrier (Chrono Boost)  
  191  22:59  Zealot  
  196  23:08  Assimilator  
  196  23:10  Assimilator  
  194  23:26  Probe x7  
  191  23:37  Observer  
  190  23:51  Zealot x3, Dark Templar  
  198  24:04  Dark Templar  
  169  24:44  Zealot x5  
  169  24:45  Zealot x4  
Tags
 
Add a new tag
Caveats
  • Supply blocks, unpowered buildings, or Contaminate may cause inaccurate times.
  • Supply counts are checked every 10 seconds.